 Dungeon Crawl Stone Soup version 0.25.1-9-gc5326a611f (webtiles) character file.

Game seed: 17662225266352909607

3334 tkbsonic5 the Skirmisher (level 9, -2/106 HPs)
             Began as a Demonspawn Fighter on Nov 26, 2021.
             Was a Believer of Fedhas.
             Splashed by Maurice's acid (7 damage)
             ... on level 8 of the Dungeon.
             The game lasted 00:36:21 (7957 turns).

tkbsonic5 the Skirmisher (Demonspawn Fighter)       Turns: 7957, Time: 00:36:22

Health: -2/106     AC:  1    Str: 17    XL:     9   Next: 71%
Magic:  12/12      EV:  5    Int: 12    God:    Fedhas [**....]
Gold:   315        SH: 17    Dex: 15    Spells: 8/8 levels left

rFire    . . .     SeeInvis .   q - +3 rapier (elec)
rCold    + . .     Gourm    .   i - +2 tower shield
rNeg     . . .     Faith    .   w - +0 chain mail
rPois    .         Spirit   .   (helmet restricted)
rElec    .         Reflect  .   (no cloak)
rCorr    .         Harm     .   (no gloves)
MR       .....     Rnd*Rage +   (no boots)
Stlth    ..........             c - amulet of magic regeneration
HPRegen  0.27/turn              j - ring of flight
MPRegen  0.38/turn              u - ring of protection from cold

@: berserking (expiring), corroded, stab, very quick
A: antennae 2, berserk 1, clever 1, spiny 1, evolution 1, MP-powered wands
a: Wall of Briars, Renounce Religion, Evoke Flight


You were on level 8 of the Dungeon.
You worshipped Fedhas.
Fedhas was pleased with you.
You were hungry.

You visited 2 branches of the dungeon, and saw 9 of its levels.

You collected 315 gold pieces.

Inventory:

Hand Weapons
 a - a +1 long sword
 h - a +2 vorpal halberd
 k - a +0 scythe
 p - a +2 dagger of speed
 q - a +3 rapier of electrocution (weapon)
 x - a cursed +2 short sword of draining
 y - a +2 trident of venom
Missiles
 e - 24 poisoned darts (quivered)
 m - 13 bolts
Armour
 b - a +0 scale mail
 i - a +2 tower shield (worn)
 w - a +0 chain mail (worn)
Jewellery
 c - an amulet of magic regeneration (around neck)
 j - a ring of flight (left hand)
 u - a ring of protection from cold (right hand)
Wands
 d - a wand of random effects (2)
 l - a wand of clouds (4)
Scrolls
 g - 4 scrolls of teleportation
 o - a scroll of magic mapping
 r - 2 scrolls of amnesia
 s - a scroll of fear
 A - a scroll of blinking {unknown}
 B - a scroll of remove curse
Potions
 v - a potion of berserk rage
Comestibles
 f - 17 rations
 z - a chunk of flesh


   Skills:
 * Level 6.9 Fighting
 * Level 4.1(4.8) Short Blades
 - Level 3.7(4.6) Long Blades
 + Level 3.4 Throwing
 + Level 4.2 Armour
 + Level 3.1 Dodging
 * Level 6.5 Shields
 * Level 5.3 Evocations


You had 8 spell levels left.
You didn't know any spells.
Your spell library contained the following spells:

 Spells                   Type           Power        Failure   Level  Hunger
 Animate Skeleton         Necr           N/A          100%        1    ##.....
 Apportation              Tloc           #.....       100%        1    ##.....
 Corona                   Hex            #......      100%        1    ##.....
 Summon Small Mammal      Summ           #...         100%        1    ##.....


Dungeon Overview and Level Annotations

Branches:
Dungeon (8/15)             Temple (1/1) D:6
   Lair: D:8-11

Altars:
Ashenzari
Cheibriados
Dithmenos
Elyvilon
Fedhas
Gozag
Hepliaklqana
Makhleb
Ru
Sif Muna
Uskayaw
Wu Jian
Xom
Yredelemnul
Zin
The Shining One

Shops:
D:6 %

Annotations:
D:8 Maurice


Innate Abilities, Weirdness & Mutations

You have a pair of antennae on your head.
You are partially covered in sharp spines.
You tend to lose your temper in combat.
Your mind is acute. (Int +2)
You evolve.
You expend magic power (3 MP) to strengthen your wands.


Message History

A red film seems to cover your vision as you go berserk!
You feel yourself moving faster!
You feel mighty!
Maurice throws a stone.
The stone hits you but does no damage.
You feel a strong urge to attack something.
Maurice mumbles some strange words.
Maurice flickers and vanishes!
Deactivating autopickup; reactivate with Ctrl-A.
You hear a zap.
A bolt of acid appears from out of thin air!
The bolt of acid misses you.
You puncture something! Lightning courses through something!
Your briar patch disappears in a puff of smoke! x2
You miss something.
You hear a zap.
A bolt of acid appears from out of thin air!
The bolt of acid hits you!
* * * LOW HITPOINT WARNING * * *
The acid corrodes you!
You are splashed with acid!
You die...
Fedhas appreciates your contribution to the ecosystem.

+......# # #........## ##.
#.....###..# #..###
#.....#[..#.# #.#..$
#.....###..#.#.#.. .
#........##.#.#.# ..#
######......#.# #§#.# #...#
>.............###{§.###......
...........###(.@#P#...#
...#####.#.###.#.#(#.#.# ##+#
#.#..##..(###...##..
#..+...............#
####.......####.#.##
#.......# ...# #.......# ##..
#.......# #... #.......# ...


There were no monsters in sight!

Vanquished Creatures
  Sigmund (D:3)
  A spriggan (D:7)
  Duvessa (D:4)
  An ice beast (D:5)
  2 sky beasts
  An orc warrior (D:7)
  A black bear (D:6)
  A necrophage (D:6)
  A phantom (D:5)
  2 centaurs (D:7)
  3 ogres
  A crocodile (D:8)
  3 big kobolds
  Blork the orc (D:4)
  2 bullfrogs (D:7)
  Dowan (D:4)
  4 scorpions
  5 wights (D:6)
  2 crimson imps (D:7)
  A quasit (D:6)
  2 orc priests
  A hound (D:7)
  5 orc wizards
  A bullfrog skeleton (D:6)
  An iguana (D:6)
  5 worker ants
  2 killer bee zombies (D:7)
  Robin (D:4)
  2 howler monkey skeletons
  A worker ant zombie (D:6)
  4 gnolls (D:3)
  11 adders
  2 shadow imps
  2 oozes (D:1)
  2 worms
  2 dart slugs
  3 leopard geckos
  27 orcs
  14 giant cockroaches
  16 goblins
  14 hobgoblins
  13 jackals
  19 kobolds
  4 quokkas
  9 bats
  3 frilled lizards
  A giant cockroach zombie (D:6)
  2 goblin skeletons (D:7)
  2 goblin zombies (D:7)
  A hobgoblin zombie (D:7)
  2 kobold skeletons (D:7)
  3 kobold zombies (D:7)
  3 orc skeletons (D:7)
  A quokka skeleton (D:6)
  A quokka zombie (D:7)
  9 rats
  A butterfly (D:6)
227 creatures vanquished.

Vanquished Creatures (collateral kills)
  A hound (D:8)
1 creature vanquished.

Grand Total: 228 creatures vanquished

Notes
Turn   | Place    | Note
-------+----------+-------------------------------------------
     0 | D:1      | tkbsonic5 the Demonspawn Fighter began the quest for the
                  | Orb.
     0 | D:1      | Reached XP level 1. HP: 18/18 MP: 1/1
     1 | D:1      | Found a runed translucent door.
   124 | D:1      | Gained mutation: You have a pair of small antennae on your
                  | head. [demonic ancestry]
   124 | D:1      | Reached XP level 2. HP: 24/24 MP: 2/2
   607 | D:1      | Gained mutation: You have a pair of antennae on your head.
                  | [demonic ancestry]
   607 | D:1      | Reached XP level 3. HP: 22/29 MP: 3/3
  1265 | D:2      | Found a shattered altar of Ashenzari.
  1375 | D:2      | Noticed a scorpion
  1382 | D:2      | Reached skill level 1 in Dodging
  1382 | D:2      | Reached XP level 4. HP: 37/37 MP: 4/4
  1591 | D:2      | Reached XP level 5. HP: 17/42 MP: 5/5
  2217 | D:2      | You fall into a shaft and drop 1 floor!
  2225 | D:3      | Noticed Sigmund
  2250 | D:3      | Killed Sigmund
  2250 | D:3      | Gained mutation: You are partially covered in sharp spines.
                  | [demonic ancestry]
  2250 | D:3      | Reached XP level 6. HP: 9/49 MP: 6/6
  2702 | D:3      | Reached skill level 1 in Evocations
  2990 | D:3      | You fall into a shaft and drop 2 floors!
  2990 | D:5      | Entered Level 5 of the Dungeon
  3000 | D:5      | Reached skill level 1 in Throwing
  3002 | D:5      | Gained mutation: You are resistant to electric shocks.
                  | (rElec) [potion of mutation]
  3002 | D:5      | Gained mutation: Your mind is acute. (Int +2) [potion of
                  | mutation]
  3002 | D:5      | Gained mutation: You are somewhat resistant to further
                  | mutation. [potion of mutation]
  3003 | D:5      | Lost mutation: You are somewhat resistant to further
                  | mutation. [potion of mutation]
  3003 | D:5      | Lost mutation: You are resistant to electric shocks.
                  | (rElec) [potion of mutation]
  3003 | D:5      | Gained mutation: You tend to lose your temper in combat.
                  | [potion of mutation]
  3003 | D:5      | Gained mutation: You evolve. [potion of mutation]
  3288 | D:5      | Reached XP level 7. HP: 45/55 MP: 8/8
  3441 | D:5      | Gained mutation: You expend magic power (3 MP) to
                  | strengthen your wands. [evolution]
  3517 | D:5      | Reached skill level 5 in Fighting
  4476 | D:4      | Noticed Robin
  4498 | D:4      | Killed Robin
  4548 | D:4      | Noticed Blork the orc
  4578 | D:4      | Killed Blork the orc
  4677 | D:4      | Reached skill level 1 in Short Blades
  4677 | D:4      | Reached skill level 5 in Shields
  4677 | D:4      | Reached XP level 8. HP: 20/62 MP: 10/10
  5028 | D:4      | Noticed Dowan
  5029 | D:4      | Noticed Duvessa
  5042 | D:4      | Killed Duvessa
  5045 | D:4      | Killed Dowan
  5446 | D:6      | Found a staircase to the Ecumenical Temple.
  5455 | Temple   | Entered the Ecumenical Temple
  5495 | Temple   | Became a worshipper of Fedhas Madash
  5554 | D:6      | Found a shimmering altar of Xom.
  6019 | D:6      | Found Mumaptyt's Food Boutique.
  6500 | D:7      | Reached XP level 9. HP: 69/69 MP: 6/12
  6639 | D:7      | Reached * piety under Fedhas
  7138 | D:7      | Reached ** piety under Fedhas
  7161 | D:7      | Found a glowing golden altar of the Shining One.
  7692 | D:7      | Reached skill level 5 in Evocations
  7934 | D:8      | Noticed Maurice
  7951 | D:8      | HP: 2/71 [acid (10)]
  7957 | D:8      | HP: 5/106 [something/bolt of acid (9)]
  7957 | D:8      | Splashed by Maurice's acid

Illustrated notes

Levels and vault maps discovered:
D:1:      dpeg_arrival_caged_fury, layout_basic
D:2:      layout_loops_corners, ashenzari_altar_1
D:3:      layout_loops_ring, first_ration, uniq_sigmund
D:4:      layout_rooms, minmay_goblin_kobold_house, uniq_blork_the_orc,
          uniq_robin, uniq_duvessa
D:5:      layout_basic
D:6:      layout_loops_ring, xom_butterflies, minmay_temple_entry_mist,
          serial_shops, nicolae_shop_temple_entry_statues_fountains
D:7:      layout_cave_pools, serial_rivers, chequers_serial_rivers_small_b,
          chequers_serial_rivers_micro_d, chequers_serial_rivers_small_b,
          chequers_serial_rivers_small_a, chequers_serial_rivers_small_3,
          chequers_serial_rivers_room_a, the_bakery, st_stairs_14,
          nicolae_tso_besieged_by_evil
D:8:      layout_basic, minitemple, minmay_starry_boxes, uniq_psyche,
          uniq_pikel, uniq_maurice
Temple:   eino_temple_lava

Skill      XL: |  1  2  3  4  5  6  7  8  9 |
---------------+----------------------------+-----
Long Blades    | 2 3 |  3.7
Shields        | 3 4 5 6 |  6.5
Armour         | 3 4 |  4.2
Dodging        | 1 2 3 |  3.1
Fighting       | 4 5 6 |  6.9
Evocations     | 1 2 4 5 |  5.3
Throwing       | 1 2 3 |  3.4
Short Blades   | 1 3 4 |  4.1

Action                   |  1- 3 |  4- 6 |  7- 9 || total
-------------------------+-------+-------+-------++-------
Melee: Long sword        |   138 |   173 |    44 ||   355
       Rapier            |       |       |   316 ||   316
Throw: Dart              |       |       |    31 ||    31
Invok: Wall of Briars    |       |       |     1 ||     1
 Abil: Evoke Flight      |       |       |     2 ||     2
Evoke: Wand              |       |     2 |    17 ||    19
  Use: Scroll            |     1 |     6 |    11 ||    18
       Potion            |     1 |     3 |     7 ||    11
  Eat: Chunk             |     2 |     2 |     6 ||    10
       Ration            |       |     2 |     2 ||     4
Armor: Scale mail        |    53 |    44 |    17 ||   114
       Chain mail        |       |       |    69 ||    69
Dodge: Dodged            |    30 |    28 |    34 ||    92
Block: Kite shield       |    10 |       |       ||    10
       Tower shield      |    94 |   146 |   298 ||   538
       Rpst.: Long sword |     8 |    11 |     2 ||    21
